 Dungeon Crawl Stone Soup version 0.23-a0-643-g9ccc95a (webtiles) character file.

192365 zishaf the Dancer (level 18, 0/102 HPs)
             Began as a Vine Stalker Assassin on Jan 1, 2019.
             Was a Follower of Uskayaw.
             Slain by a cacodemon (6 damage)
             ... summoned by a deep elf demonologist
             ... on level 3 of the Elven Halls.
             The game lasted 01:31:24 (29823 turns).

zishaf the Dancer (Vine Stalker Assassin)          Turns: 29823, Time: 01:31:25

Health: 0/102      AC: 29    Str: 21    XL:     18   Next: 68%
Magic:  0/42       EV:  8    Int: 11    God:    Uskayaw [*.....]
Gold:   2985       SH: 15    Dex: 17    Spells: 17/17 levels left

rFire    + + .     SeeInvis .   a - +11 rapier of Purpose {chaos, *Rage rElec rF+}
rCold    + . .     Gourm    .   Y - +1 shield {AC+3}
rNeg     . . .     Faith    .   t - +2 plate armour {rPois}
rPois    +         Spirit   +   y - +0 Maxwell's etheric cage {RegenMP+ *Contam rElec MP+4}
rElec    +         Reflect  .   B - scarf {rC+ rF+}
rCorr    .         Harm     .   i - +1 pair of gloves of the Shining Light {Stlth+}
MR       ++...     Rnd*Rage +   N - +0 pair of boots {Fly}
Stlth    ..........             C - amulet of regeneration
HPRegen  1.47/turn              O - +3 ring of protection MPRegen 0.78/turn*
                                m - ring of magical power

@: about to teleport, berserk cooldown, flying, slowed, very slow
A: fangs 3, regeneration 2, magic shield, antimagic bite, no potion heal 3, rot
immunity
a: Stomp, Renounce Religion, Stop Flying


You were on level 3 of the Elven Halls.
You worshipped Uskayaw.
Uskayaw was pleased with you.
You were not hungry.

You visited 5 branches of the dungeon, and saw 27 of its levels.
You visited the Abyss 1 time.
You also visited: Sewer and Volcano.

You collected 3232 gold pieces.
You spent 247 gold pieces at shops.

Inventory:

Hand Weapons
 a - the +11 rapier of Purpose (weapon) {chaos, *Rage rElec rF+}
   (You subdued it on level 5 of the Lair of Beasts)

   Each time it hits an enemy it has a different, random effect.
   It protects you from fire.
   It insulates you from electricity.
   It may make you go berserk in combat.
 b - a +0 hunting sling
 w - a +0 blowgun
Missiles
 e - 24 poisoned needles
 f - 11 curare-tipped needles {!f}
 u - 75 sling bullets
Armour
 i - the +1 pair of gloves of the Shining Light (worn) {Stlth+}
   (You bought it in a shop on level 2 of the Orcish Mines)

   It makes you more stealthy.
 t - a +2 plate armour of poison resistance (worn)
 y - the +0 Maxwell's etheric cage (worn) {RegenMP+ *Contam rElec MP+4}
   (You found it on level 9 of the Dungeon)

   It insulates you from electricity.
   It affects your magic capacity (+4).
   It causes magical contamination when unequipped.
 B - a scarf of resistance (worn)
 N - a +0 pair of boots of flying (worn)
 P - the +0 cloak of Jijepp {Dex+4}
   (You found it on level 1 of the Elven Halls)

   It affects your dexterity (+4).
 Y - a +1 shield of protection (worn)
Jewellery
 d - an uncursed ring of protection from fire
 m - a ring of magical power (right hand)
 p - an uncursed ring of poison resistance
 C - an amulet of regeneration (around neck)
 D - an uncursed ring of protection from cold
 O - a +3 ring of protection (left hand)
Wands
 k - a wand of clouds (3)
 M - a wand of iceblast (17)
 U - a wand of acid (6)
 Z - a wand of scattershot (9)
Scrolls
 c - a scroll of blinking
 j - 9 scrolls of teleportation
 l - 7 scrolls of remove curse
 o - 9 scrolls of fear
 r - 7 scrolls of enchant weapon
 x - 2 scrolls of enchant armour
 G - a scroll of summoning
 I - 7 scrolls of magic mapping
 J - 2 scrolls of fog
 L - 6 scrolls of identify
 S - 2 scrolls of amnesia
 W - 4 scrolls of immolation
 X - a scroll of silence
Potions
 h - 4 potions of berserk rage
 q - 5 potions of curing
 s - 3 potions of brilliance
 v - 6 potions of might
 A - a potion of lignification
 E - a potion of agility
 F - 2 potions of magic
 H - a potion of invisibility
 K - 5 potions of haste
 Q - 2 potions of resistance
 V - 3 potions of mutation
Miscellaneous
 z - a phial of floods
 R - a phantom mirror
Comestibles
 g - 42 rations


   Skills:
 + Level 14.0 Fighting
 + Level 13.6 Short Blades
 - Level 2.0 Throwing
 + Level 12.7 Armour
 - Level 2.0 Dodging
 - Level 5.0 Stealth
 + Level 13.7 Shields
 + Level 14.0 Invocations


You had 17 spell levels left.
You didn't know any spells.
Your spell library contained the following spells:

 Spells                   Type           Power        Failure   Level  Hunger
 Animate Skeleton         Necr           N/A          99%         1    ##.....
 Beastly Appendage        Tmut           #.....       99%         1    ##.....
 Confusing Touch          Hex            #.....       99%         1    ##.....
 Pain                     Necr           #...         99%         1    ##.....
 Sandblast                Erth           #.....       99%         1    ##.....
 Corpse Rot               Necr           N/A          100%        2    ###....
 Passwall                 Tmut/Erth      #.......     100%        2    ###....
 Sticks to Snakes         Tmut           #.......     100%        2    ###....
 Sublimation of Blood     Necr           #.........   100%        2    ###....
 Confuse                  Hex            #.......     100%        3    ####...
 Gell's Gravitas          Tloc           #.........   100%        3    ####...
 Regeneration             Chrm/Necr      #.........   100%        3    ####...
 Spider Form              Tmut/Pois      #.........   100%        3    ####...
 Stone Arrow              Conj/Erth      #.....       100%        3    ####...
 Vampiric Draining        Necr           #.........   100%        3    ####...
 Animate Dead             Necr           N/A          100%        4    #####..
 Cause Fear               Hex            #.........   100%        4    #####..
 Ice Form                 Ice/Tmut       #.......     100%        4    #####..
 Petrify                  Tmut/Erth      #.......     100%        4    #####..
 Blade Hands              Tmut           #.........   100%        5    ######.
 Lee's Rapid Deconstruct  Erth           #.........   100%        5    ######.
 Metabolic Englaciation   Hex/Ice        #.........   100%        5    ######.
 Silence                  Hex/Air        #.........   100%        5    ######.
 Yara's Violent Unravell  Hex/Tmut       #.........   100%        5    ######.
 Deflect Missiles         Chrm/Air       #.........   100%        6    #######
 Discord                  Hex            #.........   100%        8    #######


Dungeon Overview and Level Annotations

Branches:
Dungeon (15/15)            Temple (1/1) D:6            Lair (6/6) D:10
  Swamp (0/4) Lair:2        Snake (0/4) Lair:2        Slime (0/5) Lair:6
    Orc (2/2) D:9             Elf (3/3) Orc:2        Vaults (0/5) D:13
 Depths (0/5) D:15

Altars:
Ashenzari
Cheibriados
Dithmenos
Elyvilon
Fedhas
Hepliaklqana
Kikubaaqudgha
Nemelex Xobeh
Okawaru
Qazlal
Ru
Sif Muna
Trog
Uskayaw
Vehumet
Wu Jian
Xom
Zin
The Shining One
Jiyva

Shops:
D:11 [   D:14 ?*%[   Orc:1 [   Orc:2 [[[?


Innate Abilities, Weirdness & Mutations

You have razor-sharp teeth.
You heal very quickly.
When hurt, damage is shared between your health and your magic reserves.
Your bite disrupts and absorbs the magic of your enemies.
Potions cannot restore your health.
You are immune to rotting.


Message History

The balrug gestures at you. Something smites you!
* * * LOW HITPOINT WARNING * * *
You can no longer pass through a line of other dancers.
As you read the scroll of teleportation, it crumbles to dust.
You feel strangely unstable.
The deep elf sorcerer gestures at you while chanting.
You resist with almost no effort. You block the balrug's attack.
The deep elf demonologist mumbles some strange words.
The balrug disappears in a puff of smoke!
The deep elf sorcerer gestures at you while chanting.
The bolt of acid hits you!
* * * LOW HITPOINT WARNING * * *
You are splashed with acid!
The acid burns!
* * * LOW HITPOINT WARNING * * *
The cacodemon gestures at you. You resist with almost no effort.
The deep elf sorcerer barely misses you.
You block the cacodemon's attack. The cacodemon hits you!
You die...

#.........##
###...#
#########..####
##### ##)...#
#....# #...#
##)## ###)###
##.))).##
###...@3..###
#...22ee....#
#....§eE)%..#
#....e2.3...#
#......)))..#
#.....4))...#
#.....e))...#
###..2.)..### .
##..)..## .


You could see a cacodemon, 2 balrugs, a blizzard demon, a deep elf sorcerer, a
soul eater, a sun demon, 3 deep elf demonologists, a hellwing, a deep elf mage
and an air elemental.

Vanquished Creatures
  The ghost of dolemite99 the Warrior, an adept MiTm of Makhleb (Elf:2)
  2 deep elf blademasters (Elf:3)
  A tentacled starspawn (Abyss:2)
  Gastronok (D:9)
  3 deep elf sorcerers
  An orc warlord (Orc:1)
  A draconian stormcaller (Abyss:2)
  A frost giant (D:15)
  6 deep elf elementalists
  An entropy weaver (Elf:3)
  6 deep elf demonologists (Elf:3)
  The ghost of Ihehy the Executioner, a journeyman HOMo of Okawaru (D:13)
  4 deep elf annihilators
  The ghost of Hiufezid the Basher, a journeyman MiFi of Makhleb (Lair:5)
  3 deep elf death magi
  Snorg (D:14)
  2 fire dragons (Lair:6)
  A rakshasa (Abyss:2)
  2 deep elf high priests (Elf:3)
  12 hydras
  The ghost of howech the Cleaver, a journeyman MiFi of Nemelex Xobeh (Lair:3)
  3 catoblepae (D:15)
  4 vault guards (D:13)
  3 centaur warriors
  27 dancing weapons
  7 two-headed ogres
  An ogre mage (Orc:1)
  2 thrashing horrors (Abyss:2)
  A tengu warrior (D:14)
  18 deep elf knights
  Sonja (D:13)
  A wretched star (Abyss:2)
  Nergalle (D:12)
  A hell knight (Volcano)
  4 skeletal warriors (D:11)
  2 starcursed masses (Abyss:2)
  3 unseen horrors
  2 wizards (D:13)
  A swamp dragon (Lair:6)
  13 deep elf archers
  2 orc knights
  6 necromancers
  56 deep elf magi
  4 ugly things
  3 lindwurms (Lair:6)
  2 orc sorcerers
  A wolf spider (shapeshifter) (D:15)
  3 slime creatures (D:15)
  4 manticores
  2 cyclopes
  6 black mambas
  9 elephants
  6 torpor snails (Lair:6)
  A molten gargoyle (Volcano)
  4 gargoyles
  5 spiny frogs
  5 centaur skeletons
  3 rime drakes
  7 komodo dragons
  2 efreet
  A hellwing (Abyss:2)
  4 yaktaurs
  2 ice devils (D:13)
  A polar bear (Lair:6)
  3 tyrant leeches (Lair:6)
  A wolf spider simulacrum (D:13)
  An ancient zyme (Abyss:2)
  12 hornets
  7 trolls
  3 raiju (Abyss:2)
  21 blink frogs
  5 dream sheep (Lair:5)
  7 hippogriffs
  A hippogriff (shapeshifter) (D:14)
  5 centaur simulacra
  Sigmund (D:6)
  A vampire (D:14)
  A ynoxinul (Abyss:2)
  3 water elementals
  4 shadows
  59 yaks
  5 fire bats (Volcano)
  2 wyverns
  2 air elementals
  3 basilisks
  18 humans (D:13)
  Grum (D:7)
  A wraith (D:11)
  4 golden eyes (Abyss:2)
  2 steam dragons (Lair:6)
  5 fire elementals
  2 hungry ghosts
  5 wargs
  3 nagas (Lair:2)
  A soldier ant (shapeshifter) (Elf:2)
  Menkaure (D:5)
  3 acid dragons
  2 soldier ants (D:14)
  13 water moccasins
  9 large abominations
  9 porcupines
  3 sky beasts
  43 orc warriors
  2 swamp drakes (Lair:6)
  A hornet zombie (D:8)
  3 necrophages
  3 ice beasts
  6 phantoms
  2 black bears
  9 ogres
  10 wolves
  2 eyes of draining
  23 centaurs
  A big kobold (D:9)
  19 crocodiles
  An elf zombie (Elf:1)
  22 bullfrogs
  2 earth elementals (Elf:2)
  A wyvern skeleton (D:8)
  3 scorpions
  10 wights
  10 howler monkeys
  2 electric eels
  4 crimson imps
  6 lava snakes (Volcano)
  6 jellies
  2 quasits (D:7)
  2 bullfrog zombies
  3 centaur zombies
  10 hounds
  13 orc priests
  21 orc wizards
  2 iguanas
  10 worker ants
  A bullfrog simulacrum (D:13)
  3 hound skeletons
  A hound zombie (D:11)
  A gnoll (D:1)
  2 howler monkey skeletons
  18 adders
  6 river rats (Sewer)
  3 shadow imps
  2 oozes (Sewer)
  A worm (D:2)
  4 dart slugs
  6 leopard geckos
  74 orcs
  10 giant cockroaches
  13 hobgoblins
  13 jackals
  11 kobolds
  4 quokkas
  12 ball pythons
  8 bats
  8 frilled lizards
  10 goblins
  25 rats
  3 crawling corpses (Elf:3)
  A plant (Lair:6)
1009 creatures vanquished.

Vanquished Creatures (collateral kills)
  An elephant (Lair:5)
  A howler monkey (D:8)
2 creatures vanquished.

Vanquished Creatures (others)
  2 deep elf annihilators (Elf:3)
  A deep elf knight (Elf:2)
  An orc warrior (Orc:2)
  A crawling corpse (Elf:3)
  7 fungi
  4 plants
16 creatures vanquished.

Grand Total: 1027 creatures vanquished

Notes
Turn   | Place    | Note
-------+----------+-------------------------------------------
     0 | D:1      | zishaf the Vine Stalker Assassin began the quest for the
                  | Orb.
     0 | D:1      | Reached XP level 1. HP: 11/11 MP: 2/2
   507 | D:1      | Reached XP level 2. HP: 13/15 MP: 3/3
   509 | D:1      | Reached skill level 1 in Dodging
   743 | D:1      | Reached skill level 5 in Stealth
  1113 | D:1      | Reached XP level 3. HP: 18/18 MP: 4/4
  2217 | D:2      | Gained mutation: Your natural rate of healing is unusually
                  | fast. [Vine Stalker growth]
  2217 | D:2      | Reached XP level 4. HP: 11/23 MP: 3/5
  2410 | D:2      | Found a white marble altar of Elyvilon.
  2470 | D:2      | Reached skill level 1 in Shields
  2892 | D:3      | Reached XP level 5. HP: 21/27 MP: 4/6
  3426 | D:3      | Reached XP level 6. HP: 7/32 MP: 2/7
  3594 | D:3      | Found a bloodstained altar of Trog.
  4348 | D:4      | Noticed an orc warrior
  4396 | D:4      | Killed an orc warrior
  4396 | D:4      | Reached XP level 7. HP: 36/36 MP: 8/8
  4484 | D:5      | Entered Level 5 of the Dungeon
  4517 | D:5      | Reached skill level 1 in Armour
  4605 | D:5      | Found a glowing drain.
  4632 | D:5      | Noticed Menkaure
  4653 | D:5      | Killed Menkaure
  4695 | Sewer    | Entered a sewer
  5214 | Sewer    | Reached skill level 5 in Short Blades
  5214 | Sewer    | Gained mutation: You have razor-sharp teeth. [Vine Stalker
                  | growth]
  5214 | Sewer    | Reached XP level 8. HP: 31/41 MP: 9/9
  5913 | D:6      | Noticed Sigmund
  5922 | D:6      | Killed Sigmund
  5941 | D:6      | Found an iron altar of Okawaru.
  5996 | D:6      | Reached XP level 9. HP: 46/46 MP: 10/10
  6094 | D:6      | Reached skill level 5 in Fighting
  6180 | D:6      | Found a stormy altar of Qazlal.
  6329 | D:6      | Found a staircase to the Ecumenical Temple.
  6339 | Temple   | Entered the Ecumenical Temple
  6372 | Temple   | Became a worshipper of Uskayaw the Reveler
  6518 | D:6      | Reached * piety under Uskayaw
  6639 | D:7      | Reached ** piety under Uskayaw
  6816 | D:7      | Found a sparkling altar of Nemelex Xobeh.
  7063 | D:7      | Reached *** piety under Uskayaw
  7068 | D:7      | Reached **** piety under Uskayaw
  7072 | D:7      | Reached ***** piety under Uskayaw
  7549 | D:8      | Noticed Grum
  7579 | D:7      | Killed Grum
  7579 | D:7      | Reached skill level 1 in Invocations
  7594 | D:8      | Noticed a two-headed ogre
  7612 | D:8      | Killed a two-headed ogre
  7612 | D:8      | Reached skill level 5 in Shields
  7612 | D:8      | Reached XP level 10. HP: 14/53 MP: 12/12
  7839 | D:8      | Found a glowing silver altar of Zin.
  7882 | D:8      | Noticed a two-headed ogre
  7903 | D:8      | Killed a two-headed ogre
  8012 | D:8      | Killed an unseen horror
  8012 | D:8      | Reached skill level 5 in Armour
  8420 | D:8      | Found a glowing silver altar of Zin.
  8582 | D:9      | Found the +0 Maxwell's etheric cage {RegenMP+ *Contam rElec
                  | MP+4}
  8727 | D:9      | Found a staircase to the Orcish Mines.
  8962 | D:9      | Noticed Gastronok
  9033 | D:9      | Killed Gastronok
  9033 | D:9      | Reached XP level 11. HP: 49/58 MP: 15/15
  9182 | D:9      | Reached skill level 10 in Short Blades
  9395 | D:10     | Entered Level 10 of the Dungeon
  9623 | D:10     | Noticed a two-headed ogre
  9655 | D:9      | Killed a two-headed ogre
  9655 | D:9      | Reached skill level 5 in Invocations
  9809 | D:10     | Found a staircase to the Lair.
 10011 | D:10     | Noticed Joseph
 10019 | D:10     | Joseph changed into something unseen
 10209 | D:10     | Killed Joseph the unseen horror
 10446 | D:11     | Noticed a skeletal warrior
 10447 | D:11     | Noticed a skeletal warrior
 10647 | D:11     | Found Mynuphue's Antique Armour Shoppe.
 10928 | D:11     | Noticed a skeletal warrior
 11024 | Lair:1   | Entered Level 1 of the Lair of Beasts
 11177 | Lair:1   | Gained mutation: You heal very quickly. [Vine Stalker
                  | growth]
 11177 | Lair:1   | Reached XP level 12. HP: 53/64 MP: 17/17
 11330 | Lair:1   | Noticed an eight-headed hydra
 11372 | Lair:1   | Killed an eight-headed hydra
 11605 | Lair:1   | Noticed a four-headed hydra
 11617 | Lair:1   | Killed a four-headed hydra
 11936 | Lair:2   | Got a dazzling leather armour
 11952 | Lair:2   | Identified the +1 leather armour of Distant Worlds {+Fly}
                  | (You found it on level 2 of the Lair of Beasts)
 12123 | Lair:2   | Found a dark tunnel.
 12128 | Volcano  | Entered a volcano
 12553 | Volcano  | Noticed a centaur warrior
 12559 | Volcano  | Killed a centaur warrior
 12593 | Volcano  | Reached ****** piety under Uskayaw
 12633 | Volcano  | Found a bloodstained altar of Trog.
 12786 | Lair:2   | Found a staircase to the Snake Pit.
 12836 | Lair:2   | Found a staircase to the Swamp.
 13104 | Lair:2   | Reached XP level 13. HP: 46/70 MP: 20/20
 13975 | Lair:3   | Found a runed gate.
 13977 | Lair:3   | Found a runed gate.
 13980 | Lair:3   | Found a runed gate.
 13980 | Lair:3   | Noticed howech's ghost (journeyman MiFi)
 14295 | Lair:3   | Got a wavering ivory ring
 14297 | Lair:3   | Identified the ring of Fuosinag {MR+ Stlth-} (You found it
                  | on level 3 of the Lair of Beasts)
 15872 | Lair:5   | Reached skill level 10 in Fighting
 16066 | Lair:5   | Found a runed door.
 16068 | Lair:5   | Found a shimmering altar of Xom.
 16068 | Lair:5   | Noticed Hiufezid's ghost (journeyman MiFi)
 16069 | Lair:5   | Identified the +11 rapier of Purpose {chaos, *Rage rElec
                  | rF+}
 16318 | Lair:5   | Reached skill level 10 in Shields
 16774 | Lair:6   | Entered Level 6 of the Lair of Beasts
 16774 | Lair:6   | Found a viscous altar of Jiyva.
 16775 | Lair:6   | Found a staircase to the Slime Pits.
 16813 | Lair:6   | Reached XP level 14. HP: 53/77 MP: 22/22
 16975 | Lair:5   | Killed Hiufezid's ghost
 17077 | Lair:6   | Reached skill level 10 in Invocations
 17608 | Lair:6   | Found a runed door.
 17929 | Lair:6   | Got an encrusted quarterstaff
 18719 | Lair:3   | Killed howech's ghost
 18723 | Lair:3   | Reached skill level 10 in Armour
 18781 | Lair:3   | Got a polished double sword
 19197 | D:11     | Reached XP level 15. HP: 82/83 MP: 24/24
 19765 | D:12     | Noticed Nergalle
 19774 | D:12     | Killed Nergalle
 19796 | D:12     | Identified a scroll of acquirement
 20071 | D:13     | Noticed Ihehy's ghost (journeyman HOMo)
 20109 | D:13     | Got a ripped robe
 20131 | D:12     | Identified the +1 robe "Kiuxzum" {rF+ rN+ Int+4} (You found
                  | it on level 13 of the Dungeon)
 20221 | D:13     | Found a runed gate.
 20221 | D:13     | Found a runed gate.
 20221 | D:13     | Found a runed gate.
 20381 | D:13     | Found a gate to the Vaults.
 20668 | D:13     | Noticed Sonja
 20685 | D:13     | Killed Sonja
 21238 | D:13     | Killed Ihehy's ghost
 21271 | D:13     | Got the ring of the Messenger {Fire}
 21514 | D:14     | Noticed Snorg
 21522 | D:14     | Killed Snorg
 21647 | D:14     | Found Evorud's General Store.
 21786 | D:14     | Found Izonolao's Antique Armour Shoppe.
 21810 | D:14     | Got a brightly glowing chain mail
 21811 | D:14     | Identified the cursed +1 chain mail "Codudgh" {rPois rF++
                  | Str-5 Stlth+} (You found it on level 14 of the Dungeon)
 21926 | D:14     | Found Teul's Food Shop.
 22128 | D:14     | Found Hekittis's Magic Scroll Boutique.
 22288 | D:15     | Entered Level 15 of the Dungeon
 22494 | D:15     | Found a staircase to the Depths.
 22494 | D:15     | Noticed a frost giant
 22502 | D:15     | Killed a frost giant
 22656 | D:15     | Found a shattered altar of Ashenzari.
 22698 | D:15     | Reached XP level 16. HP: 88/88 MP: 25/25
 23782 | Orc:1    | Entered Level 1 of the Orcish Mines
 24190 | Orc:1    | Found Yremaj's Antique Armour Boutique.
 24498 | Orc:2    | Entered Level 2 of the Orcish Mines
 24644 | Orc:2    | Found Geseriur's Armour Emporium.
 24644 | Orc:2    | Found Oschuale's Antique Armour Boutique.
 24654 | Orc:2    | Found Cuneaj's Antique Armour Shop.
 24657 | Orc:2    | Found Qory's Magic Scroll Shoppe.
 25041 | Orc:2    | Found a staircase to the Elven Halls.
 25504 | Orc:2    | Bought a pair of smoking gloves for 247 gold pieces
 25514 | Orc:2    | Identified the +1 pair of gloves of the Shining Light
                  | {Stlth+} (You bought it in a shop on level 2 of the Orcish
                  | Mines)
 25663 | Elf:1    | Entered Level 1 of the Elven Halls
 26195 | Elf:1    | Got a steaming cloak
 26433 | Elf:1    | Identified the Almanac of Unholy Rites
 26659 | Elf:1    | Identified the +0 cloak of Jijepp {Dex+4} (You found it on
                  | level 1 of the Elven Halls)
 26858 | Elf:2    | Found a transporter.
 26858 | Elf:2    | Noticed dolemite99's ghost (adept MiTm)
 26870 | Elf:2    | Found a transporter.
 26928 | Elf:2    | Reached XP level 17. HP: 90/94 MP: 27/27
 27010 | Elf:2    | Found a runed gate.
 27010 | Elf:2    | Found a runed gate.
 27389 | Elf:2    | Found a runed gate.
 28347 | Elf:2    | Killed dolemite99's ghost
 28412 | Elf:3    | Entered Level 3 of the Elven Halls
 29029 | Elf:3    | Reached XP level 18. HP: 100/100 MP: 29/29
 29069 | Elf:3    | Cast into level 2 of the Abyss (a deep elf demonologist)
 29374 | Abyss:2  | Noticed a bone dragon
 29578 | Elf:3    | Escaped the Abyss
 29597 | Elf:3    | Noticed a deep elf blademaster
 29602 | Elf:3    | Noticed a Hell Sentinel
 29611 | Elf:3    | Noticed a Tzitzimitl
 29612 | Elf:3    | Noticed a Tzitzimitl
 29615 | Elf:3    | Noticed a Brimstone Fiend
 29753 | Elf:3    | Noticed a deep elf blademaster
 29770 | Elf:3    | Killed a deep elf blademaster
 29778 | Elf:3    | Noticed a Hell Sentinel
 29781 | Elf:3    | Noticed a Hell Sentinel
 29795 | Elf:3    | Noticed a Tzitzimitl
 29812 | Elf:3    | Killed a deep elf blademaster
 29823 | Elf:3    | Slain by a cacodemon

Vault maps used:
D:1:      wander_arrival_chamber, minivault_27, minmay_vboxes
D:2:      lemuel_round_altar, corexii_item_surrounded_by_moat
D:3:      lightli_temple_of_fire, first_ration, grunt_decor_clamped
D:4:      serial_bayou_pond_c
D:5:      portal_sewer_entry_f, serial_bayou_lagoon_a, uniq_menkaure
D:6:      okawaru_ov_weapons_minmay, kennysheep_little_box,
          minmay_temple_entry_glass, grunt_ministairs_4, uniq_sigmund
D:7:      nicolae_overflow_crystal_walls
D:8:      zin_statuary, basic_altar, uniq_grum
D:9:      orc_0_dummy, hangedman_pestilent_swarm, uniq_gastronok
D:10:     lair_entry_dummy, uniq_joseph
D:11:     serial_shops, nicolae_shop_overgrown_old_shop
D:12:     serial_bayou_pond_d, kennysheep_generic_room_12, uniq_nergalle
D:13:     grunt_vaults_entry_tiered, gammafunk_ghost_icy, uniq_sonja
D:14:     serial_shops, kennysheep_mini, nicolae_shop_waterfront,
          kennysheep_mini_moat, nicolae_shop_behind_doors, uniq_snorg
D:15:     grunt_enter_depths_snipers, nicolae_wwwww, evilmike_ruin_ashenzari
Temple:   nicolae_temple_elliptical
Lair:1:   fungi_pond_lemuel
Lair:2:   swamp_mist, guppyfry_snake_entry_island, nicolae_volcano_entry_s_turn,
          grunt_megastairs_2, infiniplex_staircase_pool
Lair:3:   gammafunk_ghost_hydra_chop, grunt_megastairs_1
Lair:4:   minivault_19, grunt_megastairs_4
Lair:5:   ebering_ghost_xom, grunt_megastairs_5
Lair:6:   guppyfry_lair_end_dragon, wormcave, slime_altar_1
Orc:1:    serial_shops, nicolae_shop_crystal
Orc:2:    st_orc_rangers, nicolae_orc_damp_corner
Elf:1:    minmay_elf_arrival_summoners, minmay_elf_necromancy,
          grunt_ministairs_2
Elf:2:    gammafunk_ghost_arena, lemuel_elevator
Elf:3:    minmay_elf_hall_hex
Sewer:    sewer_minmay_w
Volcano:  volcano_grotto

Skill      XL: |  1  2  3  4  5  6  7  8  9 10 11 12 13 14 15 16 17 18 |
---------------+-------------------------------------------------------+-----
Short Blades   | 2 3 4 5 6 8 9 10 11 12 13 | 13.6
Dodging        | 1 2 |  2.0
Fighting       | 2 3 4 6 7 9 10 11 12 13 14 | 14.0
Throwing       | 2 |  2.0
Stealth        | 5 |  5.0
Shields        | 1 2 4 5 6 7 8 10 11 12 13 | 13.7
Armour         | 1 3 4 5 6 8 9 10 11 12 | 12.7
Invocations    | 2 4 6 8 9 10 11 12 13 14 | 14.0

Action                   |  1- 3 |  4- 6 |  7- 9 | 10-12 | 13-15 | 16-18 || total
-------------------------+-------+-------+-------+-------+-------+-------++-------
Melee: Dagger            |    67 |   268 |   416 |  1004 |   517 |       ||  2272
       Bite              |    17 |    64 |   132 |   411 |   462 |   337 ||  1423
       Rapier            |       |       |       |       |   699 |   987 ||  1686
 Fire: Blowgun           |    31 |     9 |     4 |     5 |       |       ||    49
       Hunting sling     |     4 |    65 |    37 |   168 |    13 |       ||   287
Invok: Stomp             |       |       |       |       |       |     8 ||     8
       Grand Finale      |       |       |       |       |       |     2 ||     2
Evoke: Wand              |       |       |    10 |     6 |     2 |       ||    18
  Use: Scroll            |       |       |    11 |     8 |    13 |     4 ||    36
       Potion            |       |       |     1 |     2 |     1 |     3 ||     7
 Stab: Sleeping          |    12 |     1 |     4 |       |       |       ||    17
       Confused          |       |       |     2 |     3 |     3 |     1 ||     9
       Paralysed         |       |       |     6 |    36 |    87 |    78 ||   207
       Petrifying        |       |       |       |       |     1 |     3 ||     4
       Distracted        |       |       |       |       |       |     1 ||     1
  Eat: Chunk             |     4 |     7 |    11 |    18 |    26 |    23 ||    89
       Ration            |       |       |       |       |     2 |     2 ||     4
Armor: Robe              |    16 |    41 |       |       |       |       ||    57
       Scale mail        |       |    39 |   157 |       |       |       ||   196
       Plate armour      |       |       |    10 |   383 |   539 |   447 ||  1379
Dodge: Dodged            |    47 |   114 |   154 |    80 |   204 |   168 ||   767
Block: Buckler           |     2 |    56 |    75 |       |       |       ||   133
       Shield            |       |       |    61 |   350 |   591 |   575 ||  1577

Table legend:
 A = Non-vault XP
 B = Vault XP
 C = Vault XP percentage of total XP
 D = Non-vault monster count
 E = Vault monster count
 F = Vault count percentage of total count
                 A         B        C        D         E       F
            +---------+---------+-------+---------+---------+-------
      Total |  164081 |  129333 |  44.1 |     699 |     312 |  30.9
            +---------+---------+-------+---------+---------+-------
        D:1 |      55 |       7 |  11.3 |      24 |       5 |  17.2
        D:2 |      77 |       0 |   0.0 |      26 |       0 |   0.0
        D:3 |     272 |       0 |   0.0 |      33 |       0 |   0.0
        D:4 |     221 |       0 |   0.0 |      13 |       0 |   0.0
        D:5 |     464 |     168 |  26.6 |      12 |       5 |  29.4
        D:6 |    1169 |     269 |  18.7 |      16 |       2 |  11.1
        D:7 |     893 |     201 |  18.4 |      21 |       1 |   4.5
        D:8 |    3585 |     247 |   6.4 |      24 |       2 |   7.7
        D:9 |    2850 |    3082 |  52.0 |      26 |       5 |  16.1
       D:10 |     653 |     710 |  52.1 |      18 |       1 |   5.3
       D:11 |    8765 |       0 |   0.0 |      36 |       0 |   0.0
       D:12 |    4991 |     849 |  14.5 |      31 |       2 |   6.1
       D:13 |    5307 |   15158 |  74.1 |      18 |      38 |  67.9
       D:14 |    6951 |    1145 |  14.1 |      33 |       1 |   2.9
       D:15 |   11097 |    2841 |  20.4 |      26 |       3 |  10.3
     Lair:1 |    7023 |       0 |   0.0 |      30 |       0 |   0.0
     Lair:2 |    2809 |     826 |  22.7 |      12 |       5 |  29.4
     Lair:3 |    1031 |    3628 |  77.9 |       5 |       6 |  54.5
     Lair:4 |    4679 |    1212 |  20.6 |      14 |       9 |  39.1
     Lair:5 |   12888 |    2578 |  16.7 |      45 |       6 |  11.8
     Lair:6 |   10524 |   12458 |  54.2 |      39 |      34 |  46.6
      Orc:1 |    8906 |       0 |   0.0 |      55 |       0 |   0.0
      Orc:2 |    1907 |    4705 |  71.2 |      30 |      41 |  57.7
      Elf:1 |   15626 |    7588 |  32.7 |      22 |      15 |  40.5
      Elf:2 |   25383 |   32863 |  56.4 |      42 |      39 |  48.1
      Elf:3 |   11814 |   33685 |  74.0 |      21 |      25 |  54.3
    Abyss:2 |   14141 |       0 |   0.0 |      27 |       0 |   0.0
      Sewer |       0 |     396 | 100.0 |       0 |      48 | 100.0
    Volcano |       0 |    4717 | 100.0 |       0 |      19 | 100.0
            +---------+---------+-------+---------+---------+-------
